 Dungeon Crawl Stone Soup version 0.28.0 (webtiles) character file.

Game seed: 16893002371443451317

5 porpoise the Magician (level 1, 0/16 HPs)
             Began as a Djinni Conjurer on Feb 11, 2022.
             Slain by a hobgoblin (1 damage)
             ... on level 1 of the Dungeon.
             The game lasted 00:01:53 (425 turns).

porpoise the Magician (Djinni Conjurer)              Turns: 425, Time: 00:01:54

Health: 0/16       AC:  2    Str:  6    XL:     1   Next: 88%
Gold:   17         EV: 12    Int: 19    God:
                   SH:  0    Dex: 11

rFire   + + .      SeeInvis .   (no weapon)
rCold   x . .      Faith    .   (no shield)
rNeg    . . .      Spirit   .   a - +0 robe
rPois   ∞          Reflect  .   (no helmet)
rElec   .          Harm     .   (no cloak)
rCorr   .          Rampage  .   (no gloves)
Will    .....                   (boots unavailable)
Stlth   ++........              (no amulet)
HPRegen 0.05/turn               (no ring)
MPRegen 0.00/turn               (no ring)

@: flying, very slightly contaminated
A: sickness immunity, fire resistance 2, cold vulnerability 1, float, innate
caster, HP casting, extra vitality 1
a: no special abilities


You were on level 1 of the Dungeon.
You visited 1 branch of the dungeon, and saw 1 of its levels.

You collected 17 gold pieces.

Inventory:

Missiles
 b - 5 stones
 d - 18 arrows
Armour
 a - a +0 robe (worn)
Scrolls
 e - a scroll of teleportation {unknown}
Potions
 c - a potion of curing {unknown}


   Skills:
 * Level 0.6 Fighting
 - Level 2.1 Dodging
 + Level 1.7 Stealth
 * Level 3.3 Spellcasting


You couldn't memorise any spells.
You knew the following spells:

 Your Spells              Type           Power      Damage    Failure   Level
a - Magic Dart            Conj           60%        1d6       3%          1
b - Searing Ray           Conj           30%        2d5       5%          2
c - Fulminant Prism       Conj/Hex       7%         3d7       36%         4
d - Iskenderun's Mystic   Conj/Tloc      15%        2d5       36%         4
z - Dazzling Flash        Conj/Hex       30%        N/A       11%         3
Your spell library was empty.

Dungeon Overview and Level Annotations

Branches:
Dungeon (1/15)

Altars:


Innate Abilities, Weirdness & Mutations

You are immune to sickness and miasma.
You are immune to poison.
Your flesh is very heat resistant. (rF++)
You are vulnerable to cold. (rC-)
You float through the air rather than walking.
You learn spells naturally, not from books.
Your magical power is your life essence.
You have superior vitality. (+4 MHP)


Message History

You miscast Magic Dart.
Nothing appears to happen.
The hobgoblin hits you.
Casting: Magic Dart (safe; 3% risk of failure)
Confirm with . or Enter, or press ? or * to list all spells.
Aiming: Magic Dart (safe; 3% risk of failure)
Press: ? - help, Shift-Dir - straight line, f/p - hobgoblin
Aim: a hobgoblin (moderately wounded, 100% to hit)
The magic dart hits the hobgoblin but does no damage.
The hobgoblin is moderately wounded.
The hobgoblin barely misses you.
Casting: Magic Dart (safe; 3% risk of failure)
Confirm with . or Enter, or press ? or * to list all spells.
Aiming: Magic Dart (safe; 3% risk of failure)
Press: ? - help, Shift-Dir - straight line, f/p - hobgoblin
Aim: a hobgoblin (moderately wounded, 100% to hit)
The magic dart hits the hobgoblin but does no damage.
The hobgoblin is moderately wounded.
The hobgoblin closely misses you.
Casting: Magic Dart (safe; 3% risk of failure)
Confirm with . or Enter, or press ? or * to list all spells.
Aiming: Magic Dart (safe; 3% risk of failure)
Press: ? - help, Shift-Dir - straight line, f/p - hobgoblin
Aim: a hobgoblin (moderately wounded, 100% to hit)
The magic dart hits the hobgoblin but does no damage.
The hobgoblin is moderately wounded.
* * * LOW HITPOINT WARNING * * *
The hobgoblin hits you.
* * * LOW HITPOINT WARNING * * *
Press: ? - help, v - describe, . - travel
Here: a hobgoblin (moderately wounded)
The floor.
Casting: Magic Dart (safe; 3% risk of failure)
Confirm with . or Enter, or press ? or * to list all spells.
Aiming: Magic Dart (safe; 3% risk of failure)
Press: ? - help, Shift-Dir - straight line, f/p - hobgoblin
Aim: a hobgoblin (moderately wounded, 100% to hit)
The magic dart hits the hobgoblin.
The hobgoblin is severely wounded.
* * * LOW HITPOINT WARNING * * *
The hobgoblin hits you.
You die...

#.# #.#####.#
.#######
#.######
##≈≈≈≈≈##
#......#
........##
#..###.#
......<..####..#
........###....#
##≈≈≈≈≈## ####.#
.####### ###.###
#.# #....@# #
###
..###.#.#g#.#
..........#.#
..###.#.#.#.####
#...†.......#
#.##.....##.# #.
###...# #. #...#
#. #...#


You could see a hobgoblin.

Vanquished Creatures
  A ball python (D:1)
  A giant cockroach (D:1)
  A jackal (D:1)
  A kobold (D:1)
4 creatures vanquished.

Notes
Turn   | Place    | Note
-------+----------+-------------------------------------------
     0 | D:1      | porpoise the Djinni Conjurer began the quest for the Orb.
     0 | D:1      | Reached XP level 1. HP: 15/15 MP: 0/0
   425 | D:1      | Slain by a hobgoblin

Illustrated notes

Levels and vault maps discovered:
D:1:      wander_arrival_chamber, layout_loops_ring, minmay_close_crescents

Action                   || total
-------------------------++-------
 Cast: Magic Dart        ||    22
Dodge: Dodged            ||     5
